 Dungeon Crawl Stone Soup version 0.29.1-15-g9cfb28693d (webtiles) character file.

Game seed: 13763939895058066289

2779 croobank the Covert (level 9, -8/62 HPs)
             Began as an Octopode Delver on Mar 13, 2023.
             Mangled by a gnoll sergeant
             ... wielding a +0 spear
              (10 damage)
             ... on level 8 of the Dungeon.
             The game lasted 00:19:06 (6551 turns).

croobank the Covert (Octopode Delver)               Turns: 6551, Time: 00:19:07

Health: -8/62      AC:  1    Str: 11    XL:     9   Next: 70%
Magic:  8/15       EV: 15    Int: 20    God:
Gold:   447        SH:  0    Dex: 14    Spells: 13/16 levels left

rFire   . . .      SeeInvis .   a - +4 hand axe of Mofreleng {flame, rPois Int+4}
rCold   + . .      Faith    .   (no shield)
rNeg    . . .      Spirit   .   (helmet restricted)
rPois   +          Reflect  .   y - amulet of regeneration
rElec   .          Harm     .   u - ring of protection from cold
rCorr   .          Rampage  .   (no ring)
Will    .....                   (no ring)
Stlth   +++++.....              (no ring)
HPRegen 1.00/turn               (no ring)
MPRegen 0.14/turn               (no ring)
                                (no ring)
                                (no ring)

@: no status effects
A: almost no armour, amphibious, 8 rings, camouflage 1, gelatinous body 1,
(nimble swimmer 1), tentacles
a: no special abilities


You were on level 8 of the Dungeon.
You visited 2 branches of the dungeon, and saw 9 of its levels.

You collected 447 gold pieces.

Inventory:

Hand Weapons
 a - the +4 hand axe of Mofreleng (weapon) {flame, rPois Int+4}
   (You found it on level 3 of the Dungeon)

   It burns those it strikes, dealing additional fire damage.
   Big, fiery blades are also staple armaments of hydra-hunters.
   Int:       It affects your intelligence (+4).
   rPois:     It protects you from poison.
 b - a +2 sling of flaming
 e - a +1 vampiric halberd
 j - a +0 morningstar
 k - a +0 hand axe
 p - a +0 falchion
 r - a +2 dagger of venom
 s - a +1 dagger of holy wrath
 v - a +3 war axe of draining
 D - a +3 flail
 G - a +0 trident
 N - a +0 long sword
 O - a +0 quarterstaff
Missiles
 F - 5 boomerangs
 H - 20 poisoned darts (quivered)
 K - a curare-tipped dart
Jewellery
 u - a ring of protection from cold (left tentacle)
 y - an amulet of regeneration (around mantle)
 J - an amulet of reflection
Wands
 f - a wand of digging (4)
 t - a wand of paralysis (5)
 B - a wand of quicksilver (3)
Scrolls
 c - 2 scrolls of magic mapping
 g - 2 scrolls of immolation
 i - 6 scrolls of fog
 m - 5 scrolls of teleportation
 o - 2 scrolls of poison
 I - a scroll of amnesia
 L - 2 scrolls of summoning
Potions
 d - 12 potions of curing
 h - 2 potions of heal wounds
 l - 2 potions of might
 n - a potion of invisibility
 q - 2 potions of berserk rage
 w - 2 potions of mutation
 x - a potion of haste
 z - 2 potions of attraction
 A - a potion of lignification {unknown}
 C - 2 potions of brilliance {unknown}
 E - 2 potions of degeneration {unknown}
 M - a potion of ambrosia {unknown}
 P - a potion of flight {unknown}


   Skills:
 + Level 6.1 Fighting
 + Level 5.7 Axes
 + Level 5.7 Dodging
 + Level 10.3 Stealth
 + Level 4.3 Spellcasting
 + Level 4.7 Summonings


You had 13 spell levels left.
You knew the following spells:

 Your Spells              Type           Power      Damage    Failure   Level
a - Call Canine Familiar  Summ           23%        N/A       5%          3

Your spell library contained the following spells:

 Spells                   Type           Power      Damage    Failure   Level
 Shock                    Conj/Air       16%        1d4       12%         1
 Ensorcelled Hibernation  Hex/Ice        8%         N/A       19%         2
 Sublimation of Blood     Necr           4%         N/A       19%         2
 Portal Projectile        Hex/Tloc       8%         N/A       36%         3
 Spider Form              Tmut/Pois      4%         N/A       36%         3
 Swiftness                Air            4%         N/A       36%         3
 Airstrike                Air            2%         2d(1-17)  77%         4
 Anguish                  Hex/Necr       2%         N/A       77%         4
 Leda's Liquefaction      Hex/Erth       2%         N/A       77%         4
 Petrify                  Tmut/Erth      4%         N/A       77%         4
 Irradiate                Conj/Tmut      2%         3d12      98%         5


Dungeon Overview and Level Annotations

Branches:
Dungeon (8/15)             Temple (1/1) D:5
   Lair: D:8-11

Altars:
Cheibriados
Dithmenos
Hepliaklqana
Kikubaaqudgha
Makhleb
Nemelex Xobeh
Okawaru
Qazlal
Ru
Sif Muna
Trog
Uskayaw
Vehumet
Wu Jian
Xom
Yredelemnul
Zin
The Shining One

Shops:
D:7 *

Annotations:
D:5 2 runed translucent doors, AverageBear's ghost, novice DsFi


Innate Abilities, Weirdness & Mutations

You cannot wear most types of armour.
You are amphibious.
You can wear up to eight rings at the same time.
Your skin changes colour to match your surroundings (Stealth+).
Your rubbery body absorbs attacks. (AC +1, EV +1)
((You are camouflaged when in or above water. (Stealth+)))
You have tentacles for arms and can constrict up to eight enemies at once.


Message History

Aim: a gnoll sergeant, wielding a +0 spear, wearing a +0 ring mail and wearing a +0 kite shield (lightly wounded, ally target) Attack!
Your magical contamination has completely faded away.
Your hound bites the gnoll sergeant but does no damage.
The gnoll sergeant barely misses your hound.
Your hound bites the gnoll sergeant but does no damage.
The gnoll sergeant blocks your hound's attack.
The gnoll sergeant hits your hound with a +0 spear!
Your hound bites the gnoll sergeant but does no damage.
The gnoll sergeant hits your hound with a +0 spear!
Your hound dies!
Your hound's corpse disappears in a puff of smoke!
The gnoll sergeant hits you from afar with a +0 spear!
The gnoll hits you from afar with a +0 spear!
The gnoll sergeant hits you with a +0 spear!
You hit the gnoll sergeant but do no damage.
You grab the gnoll sergeant.
The gnoll sergeant is lightly wounded.
You constrict the gnoll sergeant, but do no damage.
The gnoll hits you from afar with a +0 spear!
The gnoll sergeant hits you with a +0 spear.
You hit the gnoll sergeant but do no damage.
You squeeze the gnoll sergeant.
The gnoll sergeant is moderately wounded.
You constrict the gnoll sergeant, but do no damage.
The gnoll misses you.
The gnoll sergeant hits you with a +0 spear!
* * * LOW HITPOINT WARNING * * *
You hit the gnoll sergeant but do no damage.
The gnoll sergeant is moderately wounded.
You constrict the gnoll sergeant, but do no damage.
The gnoll hits you from afar with a +0 spear.
* * * LOW HITPOINT WARNING * * *
The gnoll sergeant hits you with a +0 spear!
* * * LOW HITPOINT WARNING * * *
You hit the gnoll sergeant but do no damage.
The gnoll sergeant is moderately wounded.
You constrict the gnoll sergeant. The gnoll completely misses you.
The gnoll sergeant hits you with a +0 spear!
You die...

#.# #....### #.#
######
#.#######.######
#..............#
#########......#
#......#
#......#
#......#
#@###### #g# #g#
#gg..gg#
######g..


You could see a gnoll sergeant and 3 gnolls.

Vanquished Creatures
  Sigmund (D:6)
  2 water moccasins
  2 ice beasts (D:6)
  2 sky beasts
  2 black bears
  2 orc warriors
  2 ogres (D:6)
  2 phantoms
  3 kobold brigands
  A bullfrog (D:7)
  2 necrophages (D:7)
  2 scorpions
  2 jellies (D:6)
  4 hounds
  3 orc priests
  A gnoll bouda (D:8)
  2 iguanas
  Natasha (thrice) (D:3)
  2 orc wizards
  12 adders
  15 gnolls
  A dart slug (D:4)
  21 orcs
  6 endoplasms
  3 giant cockroaches
  2 goblins
  5 hobgoblins
  2 quokkas (D:5)
  5 ball pythons
  8 bats
  2 frilled lizards
  18 kobolds
  5 rats (D:2)
145 creatures vanquished.

Vanquished Creatures (others)
  2 fungi (D:2)
  2 plants (D:2)
4 creatures vanquished.

Grand Total: 149 creatures vanquished

Notes
Turn   | Place    | Note
-------+----------+-------------------------------------------
     0 | D:5      | croobank the Octopode Delver began the quest for the Orb.
     0 | D:5      | Reached XP level 1. HP: 16/16 MP: 1/1
    21 | D:6      | Noticed a water moccasin
    50 | D:5      | Noticed a hound
    70 | D:5      | Found a staircase to the Ecumenical Temple.
   188 | Temple   | Entered the Ecumenical Temple
   427 | D:4      | Reached XP level 2. HP: 15/21 MP: 2/2
   737 | D:3      | Reached skill level 7 in Stealth
   737 | D:3      | Reached XP level 3. HP: 26/26 MP: 3/3
   791 | D:2      | Reached XP level 4. HP: 31/31 MP: 4/4
   855 | D:3      | Noticed Natasha
   858 | D:3      | Killed Natasha
  1082 | D:3      | Identified the +4 hand axe of Mofreleng {flame, rPois
                  | Int+4}
  1107 | D:3      | Found a large runed translucent door.
  1108 | D:3      | Found a large runed translucent door.
  1122 | D:3      | Noticed Natasha
  1129 | D:3      | Killed Natasha
  1130 | D:3      | Reached XP level 5. HP: 37/37 MP: 5/5
  1335 | D:3      | Learned a level 3 spell: Call Canine Familiar
  1503 | D:3      | Noticed Natasha
  1510 | D:3      | Killed Natasha
  1589 | D:3      | Found a stormy altar of Qazlal.
  1602 | D:3      | Found a burning altar of Makhleb.
  1814 | D:2      | Found a faded altar of an unknown god.
  2384 | D:1      | Reached skill level 1 in Spellcasting
  2669 | D:4      | Reached XP level 6. HP: 43/43 MP: 7/7
  2835 | D:4      | Found a glowing golden altar of the Shining One.
  2916 | D:4      | Reached skill level 1 in Summonings
  3342 | D:5      | Noticed a black bear
  3358 | D:5      | Killed a black bear
  3359 | D:5      | Reached skill level 8 in Stealth
  3462 | D:5      | Reached XP level 7. HP: 44/49 MP: 9/9
  3665 | D:5      | Found a runed translucent door.
  3668 | D:5      | Noticed AverageBear's ghost (novice DsFi)
  3742 | D:5      | Found a runed translucent door.
  4184 | D:6      | Reached XP level 8. HP: 13/54 MP: 11/11
  4350 | D:6      | Reached skill level 5 in Fighting
  4723 | D:6      | Reached skill level 9 in Stealth
  4922 | D:6      | Reached skill level 5 in Axes
  4947 | D:6      | Noticed Sigmund
  4959 | D:6      | Killed Sigmund
  4960 | D:6      | Reached skill level 5 in Dodging
  4960 | D:6      | Reached XP level 9. HP: 26/61 MP: 14/14
  5813 | D:7      | Found Ujinwan's Overcharged Wands.
  5820 | D:7      | Reached skill level 10 in Stealth
  6550 | D:8      | HP: 1/62 [gnoll sergeant/+0 spear (13)]
  6551 | D:8      | Mangled by a gnoll sergeant

Illustrated notes

Levels and vault maps discovered:
D:1:      dpeg_arrival_tiny_d, layout_rooms
D:2:      layout_rooms, shapermc_ecumenical_altar_acropolis
D:3:      layout_basic, jmf_multi_god_temple2, uniq_natasha
D:4:      layout_rooms, nicolae_tso_swordbearing_angel, serial_glass,
          glass_columns_b, glass_columns_a, feat_on_display, item_on_display_b,
          chequers_serial_rivers_small_3, kennysheep_small_circle
D:5:      layout_loops_ring, minmay_temple_entry_purple_smoke,
          ebering_ghost_sewer_f
D:6:      layout_loops_corners, minmay_joined_circles, uniq_sigmund
D:7:      layout_basic, nicolae_shop_overcharged_wands
D:8:      layout_basic, lemuel_crystal_altar
Temple:   bh_familiar_temple

Skill      XL: |  1  2  3  4  5  6  7  8  9 |
---------------+----------------------------+-----
Stealth        | 7 8 9 10 | 10.3
Axes           | 3 4 5 |  5.7
Dodging        | 3 4 5 |  5.7
Fighting       | 4 5 6 |  6.1
Spellcasting   | 1 2 3 4 |  4.3
Summonings     | 1 2 3 4 |  4.7

Action                   |  1- 3 |  4- 6 |  7- 9 || total
-------------------------+-------+-------+-------++-------
Melee: War axe           |    13 |     6 |       ||    19
       Hand axe          |     1 |    80 |   204 ||   285
       Constrict         |     1 |    23 |    44 ||    68
       Tentacles         |       |    22 |    50 ||    72
       Punch             |       |       |     6 ||     6
 Fire: Sling             |     4 |     8 |       ||    12
Throw: Dart              |       |       |    12 ||    12
 Cast: Call Canine Famil |       |       |     2 ||     2
Evoke: Wand              |     1 |       |     6 ||     7
  Use: Scroll            |     1 |     7 |     7 ||    15
       Potion            |     1 |     2 |     2 ||     5
 Stab: Sleeping          |     7 |    22 |    10 ||    39
       Distracted        |       |     1 |       ||     1
Armor: Skin              |     1 |     7 |     8 ||    16
Dodge: Dodged            |     5 |    44 |   121 ||   170
